Map: Acid Plant LE

Players

LiquidTLO (TLO)

  • Race: Zerg Zerg
  • Spawn Location: 5:00

DnS - Winner!

  • Race: Protoss Protoss
  • Spawn Location: 11:00

Event: WCS Leipzig 2018

VOD

Have the link to the VOD?

Description

Time

  • Played on: Jan. 26, 2018, 9:30 a.m.
  • Length: 9:15

All games in this series

Show
View Real Time Build Order
Export as new Build Order

LiquidTLO Zerg 

Build Orders: 3 Hatch before Pool 

Get SALT Encoding   

  12  0:00  Drone  
  13  0:12  Overlord  
  13  0:16  Drone  
  14  0:31  Drone x2  
  14  0:34  Drone  
  17  0:51  Hatchery  
  17  0:55  Drone  
  17  0:59  Drone  
  18  1:17  Drone  
  19  1:23  Hatchery  
  19  1:25  Drone  
  19  1:29  Extractor  
  18  1:39  Spawning Pool  
  17  1:42  Drone  
  17  1:45  Drone  
  19  1:50  Drone  
  20  2:00  Drone  
  21  2:03  Drone  
  22  2:11  Drone  
  23  2:16  Drone  
  24  2:25  Queen x2  
  28  2:31  Metabolic Boost  
  28  2:34  Zergling x2  
  28  2:35  Zergling x2  
  30  2:38  Overlord  
  30  2:44  Zergling x4  
  30  2:47  Drone  
  30  2:49  Drone  
  34  2:57  Queen  
  36  2:59  Drone  
  36  3:01  Drone  
  36  3:04  Extractor  
  36  3:05  Drone  
  38  3:08  Drone  
  38  3:12  Overlord  
  39  3:14  Drone  
  39  3:16  Drone  
  41  3:27  Drone x2  
  41  3:28  Drone  
  41  3:29  Drone  
  41  3:32  Drone  
  43  3:35  Drone  
  43  3:38  Spore Crawler  
  43  3:41  Spore Crawler  
  42  3:43  Spore Crawler  
  42  3:47  Drone x2  
  43  3:49  Drone  
  43  3:50  Drone  
  43  3:54  Overlord  
  45  3:56  Drone  
  45  3:58  Drone  
  45  4:02  Drone x2  
  49  4:07  Drone  
  49  4:08  Overlord  
  50  4:11  Lair  
  50  4:13  Drone  
  50  4:16  Zergling x4  
  53  4:19  Overlord  
  53  4:20  Drone  
  54  4:24  Extractor  
  54  4:25  Drone  
  54  4:28  Drone  
  54  4:29  Roach Warren  
  54  4:31  Drone, Extractor x2  
  52  4:35  Zergling x6  
  52  4:37  Drone  
  56  4:39  Drone  
  56  4:40  Drone  
  56  4:42  Drone  
  59  4:46  Drone x3  
  59  4:48  Drone  
  59  4:50  Drone x2  
  63  4:53  Drone  
  63  4:54  Drone  
  63  4:57  Drone x2  
  63  4:58  Drone  
  68  5:00  Drone  
  68  5:01  Drone  
  68  5:03  Extractor  
  68  5:06  Drone  
  70  5:09  Glial Reconstitution  
  68  5:14  Nydus Network  
  68  5:18  Roach  
  68  5:19  Roach  
  68  5:20  Roach  
  71  5:24  Roach, Overlord  
  71  5:25  Overlord  
  73  5:29  Overlord  
  73  5:33  Overlord  
  73  5:34  Overlord  
  72  5:37  Overlord x2  
  72  5:42  Overlord  
  72  5:44  Roach x3  
  78  5:50  Roach, Overseer  
  78  5:51  Roach  
  78  5:53  Zergling x2  
  78  5:54  Zergling x2  
  78  5:57  Zergling x2  
  85  6:00  Nydus Canal  
  85  6:01  Roach  
  85  6:03  Roach  
  85  6:05  Roach  
  85  6:08  Roach  
  85  6:10  Roach  
  91  6:12  Roach  
  91  6:15  Roach  
  91  6:17  Roach  
  96  6:19  Zergling x4  
  96  6:21  Roach  
  96  6:25  Ravager, Roach  
  103  6:30  Roach x3  
  109  6:33  Roach  
  109  6:37  Roach  
  109  6:39  Roach  
  113  6:43  Roach x2  
  113  6:44  Roach  
  113  6:46  Roach  
  108  6:53  Roach  
  108  6:54  Roach  
  112  6:57  Nydus Canal, Roach  
  112  6:59  Roach  
  112  7:00  Roach  
  116  7:03  Roach  
  116  7:04  Roach  
  116  7:06  Zergling x2  
  116  7:08  Roach  
  123  7:10  Roach  
  125  7:21  Roach  
  109  7:31  Roach  
  109  7:33  Roach x2  
  109  7:35  Roach  
  109  7:36  Roach x2  
  113  7:37  Roach x2  
  113  7:41  Roach  
  113  7:42  Roach  
  105  7:44  Roach  
  105  7:47  Ravager x2  
  105  7:48  Queen x2  
  109  8:01  Roach  
  109  8:02  Roach x2  
  106  8:07  Roach  
  106  8:08  Roach  
  106  8:09  Roach  
  92  8:14  Roach x2  
  92  8:16  Roach  
  92  8:19  Ravager x2  
  98  8:25  Roach  
  98  8:26  Roach, Queen  
  104  8:29  Roach  
  104  8:32  Hatchery  
  105  8:37  Roach  
  105  8:40  Roach x2  
  101  8:46  Roach  
  101  8:47  Roach  
  91  8:52  Roach  
Show
View Real Time Build Order
Export as new Build Order

DnS Protoss - Winner!

Build Orders: 1 Gate Expand, Oracle Opening 

Get SALT Encoding   

  12  0:00  Probe  
  13  0:12  Probe  
  14  0:20  Pylon  
  14  0:24  Probe  
  15  0:38  Probe (Chrono Boost)  
  15  0:42  Gateway  
  16  0:47  Probe (Chrono Boost)  
  16  0:48  Assimilator  
  17  0:52  Probe (Chrono Boost)  
  18  1:04  Probe  
  19  1:16  Probe  
  20  1:27  Nexus  
  20  1:33  Cybernetics Core  
  20  1:36  Probe  
  21  1:44  Assimilator  
  21  1:48  Probe  
  21  1:52  Pylon  
  22  2:01  Probe  
  23  2:08  Adept (Chrono Boost)  
  23  2:13  Probe  
  26  2:23  Stargate  
  26  2:27  Adept (Chrono Boost)  
  28  2:34  Probe (Chrono Boost)  
  28  2:36  Warp Gate  
  29  2:39  Probe (Chrono Boost)  
  31  2:45  Adept (Chrono Boost)  
  31  2:48  Probe (Chrono Boost)  
  31  2:49  Probe (Chrono Boost)  
  34  2:53  Probe (Chrono Boost)  
  34  2:56  Probe  
  36  3:05  Probe  
  36  3:07  Oracle (Chrono Boost)  
  36  3:09  Probe  
  41  3:14  Adept  
  41  3:16  Pylon  
  41  3:17  Probe  
  44  3:32  Probe  
  43  3:36  Probe  
  42  3:41  Oracle (Chrono Boost)  
  42  3:44  Probe, Gateway  
  42  3:45  Gateway  
  46  3:48  Probe  
  46  3:52  Assimilator  
  46  3:53  Assimilator  
  47  3:56  Probe, Pylon  
  47  3:57  Adept  
  47  4:00  Probe  
  51  4:07  Phoenix (Chrono Boost)  
  51  4:09  Probe  
  54  4:14  Probe  
  54  4:16  Pylon  
  55  4:22  Probe  
  56  4:25  Robotics Facility  
  57  4:36  Probe  
  57  4:37  Probe  
  58  4:48  Probe  
  58  4:49  Probe  
  58  4:52  Nexus  
  60  4:53  Sentry x3  
  60  4:55  Pylon  
  66  5:00  Probe  
  66  5:03  Probe, Pylon  
  68  5:12  Probe  
  69  5:15  Probe, Robotics Bay  
  69  5:16  Observer  
  71  5:21  Zealot  
  71  5:22  Zealot x2  
  72  5:29  Probe (Chrono Boost)  
  72  5:33  Probe (Chrono Boost)  
  74  5:40  Forge  
  74  5:41  Probe (Chrono Boost)  
  76  5:43  Pylon  
  76  5:44  Probe (Chrono Boost)  
  76  5:46  Probe (Chrono Boost), Immortal (Chrono Boost), Pylon  
  76  5:48  Probe (Chrono Boost)  
  81  5:55  Probe  
  86  6:11  Protoss Ground Weapons Level 1 (Chrono Boost)  
  86  6:15  Colossus (Chrono Boost), Extended Thermal Lance  
  92  6:19  Stalker  
  92  6:20  Stalker x2  
  92  6:24  Shield Battery  
  95  6:29  Shield Battery  
  95  6:32  Shield Battery  
  95  6:33  Pylon  
  95  6:37  Gateway  
  95  6:39  Gateway  
  93  6:45  Stalker x3  
  97  6:48  Probe x2  
  99  6:58  Colossus (Chrono Boost)  
  103  7:05  Gateway  
  103  7:07  Gateway, Twilight Council  
  103  7:13  Zealot  
  103  7:15  Stalker x2  
  101  7:35  Stalker  
  99  7:37  Stalker x2  
  91  7:44  Stalker  
  91  7:45  Stalker  
  91  7:49  Probe x2  
  91  7:50  Pylon  
  97  7:51  Pylon  
  97  7:53  Shield Battery  
  96  8:02  Immortal (Chrono Boost)  
  96  8:03  Zealot x2  
  96  8:04  Zealot  
  106  8:07  Stalker x2  
  106  8:09  Probe  
  107  8:13  Assimilator  
  107  8:15  Zealot  
  107  8:17  Probe x2  
  109  8:22  Gateway  
  109  8:23  Pylon  
  109  8:24  Pylon  
  109  8:26  Shield Battery  
  109  8:29  Probe x2  
  109  8:30  Immortal (Chrono Boost)  
  115  8:36  Assimilator  
  115  8:40  Zealot x4  
  109  8:52  Zealot x3  
  115  9:06  Templar Archives  
  115  9:10  Zealot x4  
Tags
 
Add a new tag
Caveats
  • Supply blocks, unpowered buildings, or Contaminate may cause inaccurate times.
  • Supply counts are checked every 10 seconds.